 Dungeon Crawl Stone Soup version 0.14-a0-2001-g390038d (webtiles) character file.

152 Mitsuki the Slinger (level 4, -2/27 HPs)
             Began as a Halfling Hunter on Jan 18, 2014.
             Killed from afar by Sigmund (7 damage)
             ... with a wand of flame
             ... on Level 2 of the Dungeon.
             The game lasted 00:04:34 (1202 turns).

Mitsuki the Slinger (Halfling Hunter)               Turns: 1202, Time: 00:04:34

HP  -2/27        AC  4     Str  9      XL: 4   Next: 74%
MP   4/4         EV 12     Int 11      God:
Gold 68          SH  0     Dex 17      Spells:  0 memorised,  3 levels left

rFire  . . .     SeeInvis .     b - +1 sling
rCold  . . .     Clarity  .     e - +1 leather armour
rNeg   . . .     Conserve .     (no shield)
rPois  .         rCorr    .     (no helmet)
rElec  .         rRot     .     (no cloak)
SustAb . .       Spirit   .     (no gloves)
rMut   .         Warding  .     (no boots)
Saprov . . .     Stasis   .     (no amulet)
MR     .....                    (no ring)
                                (no ring)

@: confused, not resistant to hostile enchantments, very unstealthy
A: mutation resistance 1, slow metabolism 1
a: no special abilities


You were on level 2 of the Dungeon.
You were not hungry.

You visited 1 branch of the dungeon, and saw 2 of its levels.

You collected 68 gold pieces.

Inventory:

Hand weapons
 a - a +0,+0 short sword
 b - a +1,+1 sling (weapon)
Missiles
 c - 19 sling bullets (quivered)
Armour
 e - a +1 leather armour (worn)
Magical devices
 q - a wand of magic darts (10)
Comestibles
 f - 2 bread rations
 g - 2 meat rations
 j - an apple
Scrolls
 d - a scroll of recharging {unknown}
 h - 2 scrolls of curse armour {unknown}
 i - a scroll of random uselessness {unknown}
 k - 2 scrolls of identify {unknown}
 n - a scroll of immolation {unknown}
 p - 2 scrolls of remove curse {unknown}
Jewellery
 o - an uncursed amulet of resist corrosion {unknown}
Potions
 m - 2 potions of agility {unknown}


   Skills:
 - Level 0.8 Fighting
 + Level 8.4 Slings
 - Level 2.4 Dodging
 - Level 1.3 Stealth


You had 3 spell levels left.
You didn't know any spells.

Dungeon Overview and Level Annotations

Branches:
Dungeon (2/16)

Altars:

Annotations:
D:2 Sigmund


Innate Abilities, Weirdness & Mutations

You are small and have problems with some larger weapons.
You are somewhat resistant to further mutation.
You have a slow metabolism.


Message History

Press: ? - help, Shift-Dir - straight line, f/p - Sigmund
Aim: Sigmund, wielding a runed scythe, wearing a robe and carrying a wand of flame {zapped: 1} You shoot a sling bullet.
The sling bullet hits Sigmund.
Sigmund is lightly wounded.
Firing (i - inventory):
c - 20 sling bullets (quivered)
Press: ? - help, Shift-Dir - straight line, f/p - Sigmund
Aim: Sigmund, wielding a runed scythe, wearing a robe and carrying a wand of flame {zapped: 1} (lightly wounded)
You shoot a sling bullet. The sling bullet hits Sigmund.
Sigmund is lightly wounded.
Sigmund points at you and mumbles some strange words.
You are confused.
You are too confused!
Sigmund zaps a wand.
The puff of flame hits you!
Ouch! You are too confused!
Ouch! Sigmund zaps a wand.
The puff of flame hits you!
Your scroll labeled THANAA PSEPO catches fire!
* * * LOW HITPOINT WARNING * * *
Sigmund zaps a wand.
The puff of flame hits you!
You die...

...............%...........
#####..........###########
#..........# #..........#
#######
######..........#####......
..................(........
....(....#####.#######......
.........###....######......
......@....@................
........###....######.#####
(........ ................<
........###....######.#####
######## #..............[.
###.#######.#####
#.#######.#####
...............
#.........#####


You could see Sigmund.

Vanquished Creatures
  Ijyb (D:2)
  Jessica (D:2)
  An adder (D:2)
  A giant gecko (D:1)
  A ball python (D:2)
  A giant cockroach (D:1)
  3 goblins
  8 hobgoblins
  5 bats
  5 giant newts
  4 jackals (D:1)
  6 kobolds
  6 rats
43 creatures vanquished.

Notes
Turn   | Place    | Note
--------------------------------------------------------------
     0 | D:1      | Mitsuki, the Halfling Hunter, began the quest for the Orb.
     0 | D:1      | Reached XP level 1. HP: 12/12 MP: 1/1
    54 | D:1      | Reached skill level 6 in Slings
   108 | D:1      | Reached XP level 2. HP: 10/18 MP: 2/2
   464 | D:1      | Reached skill level 7 in Slings
   464 | D:1      | Reached XP level 3. HP: 22/22 MP: 3/3
   926 | D:2      | Noticed Ijyb
   951 | D:2      | Killed Ijyb
   951 | D:2      | Reached XP level 4. HP: 24/27 MP: 4/4
   998 | D:2      | Reached skill level 8 in Slings
  1146 | D:2      | Noticed Jessica
  1148 | D:2      | Killed Jessica
  1191 | D:2      | Noticed Sigmund
  1202 | D:2      | Killed from afar by Sigmund

Action                   |  1- 3 |  4- 6 || total
-------------------------+-------+-------++-------
 Fire: Sling             |    73 |    19 ||    92
